 Dungeon Crawl Stone Soup version 0.28.0 (webtiles) character file.

Game seed: 7150375075151214289

73 Cheops the Ruffian (level 4, 0/38 HPs)
             Began as a Ghoul Monk on Feb 8, 2022.
             Slain by an orc (5 damage)
             ... on level 3 of the Dungeon.
             The game lasted 00:07:20 (2664 turns).

Cheops the Ruffian (Ghoul Monk)                     Turns: 2664, Time: 00:07:20

Health: 0/38       AC:  2    Str: 14    XL:     4   Next: 27%
Magic:  3/3        EV: 12    Int:  7    God:
Gold:   50         SH:  0    Dex: 11    Spells: 3/3 levels left

rFire   + . .      SeeInvis .     - Unarmed
rCold   + . .      Faith    .   (no shield)
rNeg    + + +      Spirit   .   a - +0 robe
rPois   ∞          Reflect  .   (no helmet)
rElec   .          Harm     .   (no cloak)
rCorr   .          Rampage  .   (no gloves)
Will    .....                   (no boots)
Stlth   ++........              (no amulet)
HPRegen 0.00/turn               e - ring of protection from fire
MPRegen 0.08/turn               (no ring)

@: weak-willed, inhibited regen
A: claws 1, cold resistance 1, negative energy resistance 3, inhibited
regeneration, torment resistance 2
a: no special abilities


You were on level 3 of the Dungeon.
You visited 1 branch of the dungeon, and saw 3 of its levels.

You collected 50 gold pieces.

Inventory:

Armour
 a - a +0 robe (worn)
Jewellery
 e - a ring of protection from fire (left claw)


   Skills:
 - Level 3.2 Fighting
 - Level 2.6 Dodging
 - Level 2.1 Stealth
 + Level 5.5 Unarmed Combat


You had 3 spell levels left.
You didn't know any spells.
Your spell library contained the following spells:

 Spells                   Type           Power      Damage    Failure   Level
 Foxfire                  Conj/Fire      0%         2x1d4     43%         1
 Sandblast                Erth           0%         2d4       43%         1
 Shock                    Conj/Air       0%         1d3       43%         1
 Passwall                 Tmut/Erth      0%         N/A       56%         2
 Stone Arrow              Conj/Erth      0%         3d7       80%         3
 Swiftness                Air            0%         N/A       80%         3
 Airstrike                Air            0%         N/A       99%         4
 Sticky Flame             Conj/Fire      0%         2d3       99%         4
 Conjure Ball Lightning   Conj/Air       0%         3x3d6     100%        6
 Fire Storm               Conj/Fire      0%         5d1       100%        9
 Beastly Appendage        Tmut           Unusable   N/A       N/A         1
 Wereblood                Tmut           Unusable   N/A       N/A         2
 Spider Form              Tmut/Pois      Unusable   N/A       N/A         3

Dungeon Overview and Level Annotations

Branches:
Dungeon (3/15)

Altars:
Nemelex Xobeh

Shops:
D:1 [

Annotations:
D:3 Natasha, Sigmund


Innate Abilities, Weirdness & Mutations

You thrive by killing the living.
You are immune to poison.
You have sharp fingernails.
Your flesh is cold resistant. (rC+)
You are immune to negative energy. (rN+++)
You do not regenerate when monsters are visible.
You are immune to unholy pain and torment.


Message History

You hear a shout!
You hear a bark! x2
The giant cockroach bites you. The orc barely misses you.
A rat comes into view.
The orc priest closely misses you. The giant cockroach bites you.
As you read the scroll labelled GIROMMIUPT, it crumbles to dust.
It is a scroll of identify.
You don't have any unidentified items.
The orc barely misses you.
Sigmund mumbles some strange words.
Sigmund flickers and vanishes!
Deactivating autopickup; reactivate with Ctrl-A.
The orc barely misses you. The giant cockroach barely misses you.
The orc priest hits you with a +0 hand axe!
You scratch the orc priest.
The orc priest is lightly wounded.
The orc hits you with a +0 mace. The orc closely misses you.
The giant cockroach bites you but does no damage.
The orc priest invokes the aid of Beogh against you.
Beogh smites you!
* * * LOW HITPOINT WARNING * * *
You scratch the orc priest.
The orc priest is moderately wounded.
The orc hits you with a +0 mace.
* * * LOW HITPOINT WARNING * * *
The orc closely misses you. The giant cockroach bites you.
* * * LOW HITPOINT WARNING * * *
The orc priest completely misses you.
You closely miss the orc priest.
The orc priest is moderately wounded.
The giant cockroach misses you. The orc hits you with a +0 mace.
* * * LOW HITPOINT WARNING * * *
The orc hits you with a +0 mace.
* * * LOW HITPOINT WARNING * * *
You scratch the orc priest but do no damage.
The orc priest is moderately wounded.
The orc priest hits you with a +0 hand axe.
* * * LOW HITPOINT WARNING * * *
The giant cockroach barely misses you. The orc completely misses you.
The orc hits you with a +0 mace.
You die...

#####.#..... .....##.#..
......(...........#.....
....#..... .............
...o..... ..............
...r.....##..............
....o..oo................
.....###r#...............
.......ooo...............
########@##..(...........
#B# ...........<( .r.
......(..... .....
#.....#<..# .......
#####.###.. ......... ##
### ...........
...#..#######


You could see an orc priest (weak-willed), an orc wizard, 3 orcs, a quokka
(weak-willed), a giant cockroach (weak-willed) and a rat.

Vanquished Creatures
  2 adders (D:2)
  3 worms (D:2)
  A dart slug (D:2)
  4 ball pythons
  6 endoplasms
  2 giant cockroaches (D:2)
  4 goblins
  2 hobgoblins
  2 jackals (D:1)
  6 bats
  A frilled lizard (D:2)
  3 kobolds
  6 rats
42 creatures vanquished.

Notes
Turn   | Place    | Note
-------+----------+-------------------------------------------
     0 | D:1      | Cheops the Ghoul Monk began the quest for the Orb.
     0 | D:1      | Reached XP level 1. HP: 19/19 MP: 0/0
   216 | D:1      | Reached XP level 2. HP: 11/26 MP: 1/1
   218 | D:1      | Reached skill level 4 in Unarmed Combat
   798 | D:1      | Found Jugeuruc's Antique Armour Boutique.
  1103 | D:2      | Reached XP level 3. HP: 31/31 MP: 2/2
  1178 | D:2      | Noticed a shining eye
  1183 | D:2      | Noticed a floating eye
  1216 | D:2      | Found a faded altar of an unknown god.
  1453 | D:2      | Noticed an eye of devastation
  1456 | D:2      | Noticed an eye of devastation
  1592 | D:2      | Found a sparkling altar of Nemelex Xobeh.
  1726 | D:2      | Reached skill level 5 in Unarmed Combat
  2227 | D:2      | Reached XP level 4. HP: 38/38 MP: 3/3
  2232 | D:3      | Noticed Natasha
  2434 | D:3      | Got the Handbook of Cloudy Flames
  2658 | D:3      | Noticed Sigmund
  2664 | D:3      | Slain by an orc

Illustrated notes

Levels and vault maps discovered:
D:1:      tarquinn_simple_flora_water_b, layout_loops_cross, serial_shops,
          nicolae_shop_advertising_works [nicolae_subvault_shop_adworks]
D:2:      minmay_skewed_foursquare, layout_basic, basic_altar,
          hellmonk_ecumenical_altar_watching_god, kennysheep_small_spiral
D:3:      layout_rooms, mainiacjoe_overflow_alcove_2,
          chequers_temple_overflow_statue_of_worship, uniq_natasha,
          uniq_sigmund, uniq_grinder

Skill      XL: |  1  2  3 |
---------------+----------+-----
Unarmed Combat | 4 5 |  5.5
Fighting       | |  3.2
Dodging        | |  2.6
Stealth        | |  2.1

Action                   |  1- 3 |  4- 6 || total
-------------------------+-------+-------++-------
Melee: Unarmed           |   110 |    20 ||   130
       Punch             |     2 |     1 ||     3
  Use: Scroll            |       |     3 ||     3
       Potion            |       |     2 ||     2
 Stab: Sleeping          |     7 |       ||     7
Armor: Robe              |    11 |    10 ||    21
Dodge: Dodged            |    55 |    49 ||   104
